 Dungeon Crawl Stone Soup version 0.27-a0-604-g29a88b33a7 (webtiles) character file.

Game seed: 7441993096174881327

13920 robertstho the Frost Mage (level 12, -6/91 HPs)
             Began as a Gnoll Ice Elementalist on Mar 12, 2021.
             Was a Believer of Sif Muna.
             Shot with an arrow by a centaur warrior (18 damage)
             ... on level 11 of the Dungeon.
             The game lasted 00:27:01 (13676 turns).

robertstho the Frost Mage (Gnoll Ice Elementalist) Turns: 13676, Time: 00:27:02

Health: -6/91      AC:  7    Str:  8    XL:     12   Next: 11%
Magic:  4/24       EV: 16    Int: 18    God:    Sif Muna [**....]
Gold:   568        SH:  0    Dex: 14    Spells: 13/28 levels left

rFire    . . .     SeeInvis +   J - +12 trident of Ushuax {venom, +Inv}
rCold    . . .     Faith    .   (no shield)
rNeg     . . .     Spirit   .   a - +0 robe
rPois    .         Reflect  .   w - +0 helmet
rElec    .         Harm     .   v - +0 cloak
rCorr    .         Rampage  .   s - +0 pair of gloves
Will     .....                  k - +0 pair of boots
Stlth    ++++......             o - amulet of regeneration
HPRegen  1.25/turn              i - ring of see invisible
MPRegen  0.19/turn              (no ring)

@: no status effects
A: fangs 1, strong nose, distributed training
a: Renounce Religion, Evoke Invisibility, Channel Magic


You were on level 11 of the Dungeon.
You worshipped Sif Muna.
Sif Muna was pleased with you.
You visited 2 branches of the dungeon, and saw 12 of its levels.
You also visited: Sewer.

You collected 592 gold pieces.
You spent 24 gold pieces at shops.

Inventory:

Hand Weapons
 f - a +6 short sword
 z - a +2 dagger of venom
 B - a +0 falchion of holy wrath
 J - the +12 trident of Ushuax (weapon) {venom, +Inv}
   (You took it off a centaur on level 5 of the Dungeon)

   It poisons the flesh of those it strikes.
   It lets you turn invisible.
Armour
 a - a +0 robe (worn)
 k - a +0 pair of boots (worn)
 s - a +0 pair of gloves (worn)
 v - a +0 cloak (worn)
 w - a +0 helmet (worn)
 F - a +1 leather armour of fire resistance
Jewellery
 i - a ring of see invisible (right hand)
 o - an amulet of regeneration (around neck)
Wands
 g - a wand of paralysis (12)
 u - a wand of flame (12)
 E - a wand of iceblast (4)
 I - a wand of charming (10)
Scrolls
 c - 3 scrolls of random uselessness {unknown}
 e - 4 scrolls of teleportation
 l - a scroll of amnesia {unknown}
 m - 4 scrolls of blinking {unknown}
 p - 4 scrolls of enchant armour {unknown}
 t - a scroll of enchant weapon {unknown}
 y - a scroll of immolation
 A - 2 scrolls of identify
 D - a scroll of magic mapping {unknown}
 G - a scroll of summoning
 H - a scroll of fear
 L - a scroll of fog
Potions
 b - 7 potions of curing
 d - 2 potions of haste
 h - 3 potions of resistance
 j - a potion of invisibility
 n - 3 potions of might
 q - a potion of brilliance
 r - 3 potions of lignification
 x - 3 potions of ambrosia
 C - 4 potions of flight
 K - a potion of mutation


   Skills:
 + Level 7.0 Fighting
 + Level 7.0 Short Blades
 + Level 7.0 Long Blades
 + Level 7.0 Axes
 + Level 7.0 Maces & Flails
 + Level 7.0 Polearms
 + Level 7.0 Staves
 + Level 7.0 Slings
 + Level 7.0 Bows
 + Level 7.0 Crossbows
 + Level 7.0 Throwing
 + Level 7.0 Armour
 + Level 8.4 Dodging
 + Level 8.2 Stealth
 + Level 7.0 Shields
 + Level 7.0 Unarmed Combat
 + Level 8.7 Spellcasting
 + Level 5.8 Conjurations
 + Level 5.8 Hexes
 + Level 5.8 Summonings
 + Level 5.8 Necromancy
 + Level 5.8 Translocations
 + Level 5.8 Transmutations
 + Level 5.8 Fire Magic
 + Level 9.2 Ice Magic
 + Level 5.8 Air Magic
 + Level 5.8 Earth Magic
 + Level 5.8 Poison Magic
 + Level 7.6 Invocations
 + Level 7.0 Evocations


You had 13 spell levels left.
You knew the following spells:

 Your Spells              Type           Power      Damage    Failure   Level
a - Freeze                Ice            100%       1d11      1%          1
b - Frozen Ramparts       Ice            82%        1d10      1%          3
c - Ozocubu's Armour      Ice            41%        N/A       1%          3
d - Hailstorm             Conj/Ice       34%        3d9       4%          4
e - Summon Ice Beast      Ice/Summ       34%        N/A       4%          4

Your spell library contained the following spells:

 Spells                   Type           Power      Damage    Failure   Level
 Foxfire                  Conj/Fire      100%       2x1d9     1%          1
 Confusing Touch          Hex            28%        N/A       2%          3
 Conjure Flame            Conj/Fire      28%        6-21      2%          3
 Gell's Gravitas          Tloc           14%        N/A       2%          3
 Inner Flame              Hex/Fire       28%        N/A       2%          3
 Petrify                  Tmut/Erth      28%        N/A       9%          4
 Sticky Flame             Conj/Fire      28%        2d5       9%          4
 Metabolic Englaciation   Hex/Ice        17%        N/A       12%         5
 Fireball                 Conj/Fire      14%        3d8       24%         5
 Yara's Violent Unravell  Hex/Tmut       14%        3d7       24%         5


Dungeon Overview and Level Annotations

Branches:
Dungeon (11/15)            Temple (1/1) D:6            Lair (0/6) D:11
    Orc (0/2) D:10          Sewer (visited)

Altars:
Ashenzari
Cheibriados
Dithmenos
Elyvilon
Fedhas
Gozag
Hepliaklqana
Kikubaaqudgha
Makhleb
Nemelex Xobeh
Okawaru
Qazlal
Ru
Sif Muna
Trog
Uskayaw
Vehumet
Wu Jian
Xom
Yredelemnul
Zin
The Shining One

Shops:
D:5 (=   D:6 [   D:9 *

Annotations:
D:9 exclusion: obsidian statue
D:11 Fannar, Urug


Innate Abilities, Weirdness & Mutations

You have very sharp teeth.
Your uncanny sense of smell can sniff out nearby items.
Your experience applies equally to all skills.


Message History

Your Short Blades skill increases to level 7!
Your Long Blades skill increases to level 7!
Your Axes skill increases to level 7!
Your Maces & Flails skill increases to level 7!
Your Polearms skill increases to level 7!
Your Staves skill increases to level 7!
Your Slings skill increases to level 7!
Your Bows skill increases to level 7!
Your Crossbows skill increases to level 7!
Your Throwing skill increases to level 7!
Your Armour skill increases to level 7!
Your Shields skill increases to level 7!
Your Unarmed Combat skill increases to level 7!
Your Evocations skill increases to level 7!
Unknown command.
Unknown command.
Your icy armour cracks and falls away as you move.
You feel sick.
Things that are here:
a +0 scimitar of flaming; a +2 robe of cold resistance; the human corpse of Erica Unknown command.
Unknown command.
You feel sick.
Unknown command.
Unknown command.
Unknown command.
Unknown command.
Unknown command.
You feel sick.
You feel sick.
A centaur warrior comes into view.
Casting: Ozocubu's Armour (safe; 1% risk of failure)
Confirm with . or Enter, or press ? or * to list all spells.
A chill wind blows around you.
You feel sick.
The centaur warrior wields a +1 shortbow of flaming.
It bursts into flame!
The centaur warrior shoots an arrow.
The arrow hits you!
* * * LOW HITPOINT WARNING * * *
The arrow burns you.
* * * LOW HITPOINT WARNING * * *
You feel better.
The centaur warrior shoots an arrow.
The arrow hits you!!
You die...

##'##........(###
##...#########.).# ###
##.....## ####.#
.c.##.......## ##.##.#
##.#.........####...#.#
...'....))...'.........
.#.........####...###
##.YY....## ##.##
##@Y...## #.# ##...##
#.# ##'## #.# #.# #.#
#.# #.# ... #.# .. #.#


You could see a centaur warrior (ally target) and 3 friendly ice beasts.

Vanquished Creatures
  3 death yaks (D:11)
  An unseen horror (D:11)
  An orc knight (D:7)
  A centaur skeleton (D:11)
  A gargoyle (D:7)
  Sigmund (D:2)
  A wyvern (D:8)
  8 yaks
  A nameless horror (D:6)
  A steam dragon (D:8)
  7 wargs (D:7)
  2 water moccasins
  6 ice beasts
  A black bear (D:6)
  8 orc warriors
  2 necrophages
  2 ogres
  2 hornet zombies
  A sky beast (D:8)
  7 centaurs
  5 phantoms
  8 bullfrogs
  A wyvern zombie (D:8)
  9 wights
  A scorpion (D:4)
  20 killer bees
  2 howler monkeys
  A centaur zombie (D:10)
  2 bullfrog zombies
  2 quasits
  5 hounds
  10 orc priests
  Crazy Yiuf (D:6)
  2 jellies
  A bullfrog skeleton (D:10)
  6 worker ants
  2 iguanas
  9 orc wizards
  2 hell rats (D:11)
  2 hound skeletons
  2 hound zombies
  2 worker ant zombies
  9 gnolls
  A howler monkey skeleton (D:6)
  11 adders
  A river rat (D:11)
  5 shadow imps
  3 white imps
  5 ufetubi
  2 oozes (Sewer)
  2 adder zombies
  An adder skeleton (D:10)
  3 worms
  6 leopard geckos
  50 orcs
  7 bats
  15 giant cockroaches
  5 goblins
  7 hobgoblins
  9 jackals
  6 quokkas
  3 ball pythons
  4 frilled lizards
  18 kobolds
  A kobold zombie (Sewer)
  A quokka skeleton (D:5)
  11 rats
338 creatures vanquished.

Vanquished Creatures (collateral kills)
  Harold (D:11)
  Erica (D:11)
  Grinder (Sewer)
  Eustachio (D:6)
  7 wargs (D:7)
  2 centaurs
  A kobold brigand (Sewer)
  5 wights
  A hound (D:11)
  A bullfrog skeleton (D:4)
  3 orc wizards
  2 shadow imps (Sewer)
  An ooze (Sewer)
  4 orcs
  3 kobolds (Sewer)
34 creatures vanquished.

Vanquished Creatures (others)
  An orc wizard (D:9)
  A fungus (D:6)
2 creatures vanquished.

Grand Total: 374 creatures vanquished

Notes
Turn   | Place    | Note
-------+----------+-------------------------------------------
     0 | D:1      | robertstho the Gnoll Ice Elementalist began the quest for
                  | the Orb.
     0 | D:1      | Reached XP level 1. HP: 13/13 MP: 6/6
   750 | D:1      | Reached XP level 2. HP: 19/19 MP: 7/7
   978 | D:1      | Reached XP level 3. HP: 21/25 MP: 9/9
  1093 | D:1      | Reached skill level 5 in Spellcasting
  1318 | D:2      | Found a radiant altar of Vehumet.
  1395 | D:2      | Reached skill level 1 in Invocations
  1554 | D:2      | Reached skill level 1 in Fighting
  1554 | D:2      | Reached skill level 1 in Short Blades
  1554 | D:2      | Reached skill level 1 in Long Blades
  1554 | D:2      | Reached skill level 1 in Axes
  1554 | D:2      | Reached skill level 1 in Maces & Flails
  1554 | D:2      | Reached skill level 1 in Polearms
  1554 | D:2      | Reached skill level 1 in Staves
  1554 | D:2      | Reached skill level 1 in Slings
  1554 | D:2      | Reached skill level 1 in Bows
  1554 | D:2      | Reached skill level 1 in Crossbows
  1554 | D:2      | Reached skill level 1 in Throwing
  1554 | D:2      | Reached skill level 1 in Armour
  1554 | D:2      | Reached skill level 1 in Shields
  1554 | D:2      | Reached skill level 1 in Unarmed Combat
  1554 | D:2      | Reached skill level 1 in Evocations
  1641 | D:2      | Reached XP level 4. HP: 32/32 MP: 11/11
  1731 | D:2      | Noticed Sigmund
  1739 | D:2      | Learned a level 3 spell: Frozen Ramparts
  1743 | D:2      | Learned a level 3 spell: Ozocubu's Armour
  1748 | D:2      | Learned a level 4 spell: Hailstorm
  1757 | D:2      | Killed Sigmund
  1758 | D:2      | Reached skill level 1 in Conjurations
  1758 | D:2      | Reached skill level 1 in Hexes
  1758 | D:2      | Reached skill level 1 in Summonings
  1758 | D:2      | Reached skill level 1 in Necromancy
  1758 | D:2      | Reached skill level 1 in Translocations
  1758 | D:2      | Reached skill level 1 in Transmutations
  1758 | D:2      | Reached skill level 1 in Fire Magic
  1758 | D:2      | Reached skill level 1 in Air Magic
  1758 | D:2      | Reached skill level 1 in Earth Magic
  1758 | D:2      | Reached skill level 1 in Poison Magic
  1758 | D:2      | Reached XP level 5. HP: 35/38 MP: 1/12
  1758 | D:2      | Reached XP level 6. HP: 41/44 MP: 1/13
  1764 | D:2      | Learned a level 4 spell: Summon Ice Beast
  2115 | D:3      | Noticed an ice beast
  2124 | D:3      | Killed an ice beast
  2125 | D:3      | Reached skill level 5 in Dodging
  2611 | D:3      | Reached XP level 7. HP: 42/50 MP: 15/15
  3856 | D:4      | Reached skill level 5 in Stealth
  4836 | D:5      | Entered Level 5 of the Dungeon
  4878 | D:5      | Reached XP level 8. HP: 57/57 MP: 16/16
  4915 | D:5      | HP: 2/57 [ice beast (9)]
  5170 | D:5      | Found a glowing drain.
  5185 | Sewer    | Entered a sewer
  5332 | Sewer    | Found an ancient bone altar of Kikubaaqudgha.
  5544 | Sewer    | Noticed Grinder
  5558 | Sewer    | Killed Grinder
  5895 | D:5      | Found Myob's Weapon Boutique.
  5899 | D:5      | Found Qyejips's Jewellery Boutique.
  5931 | D:5      | You fall into a shaft and drop 2 floors!
  6011 | D:7      | Reached XP level 9. HP: 33/65 MP: 0/18
  6393 | D:6      | Noticed a nameless horror
  6407 | D:6      | Killed a nameless horror
  6485 | D:6      | Noticed Eustachio
  6497 | D:6      | Killed Eustachio
  6637 | D:6      | Reached skill level 8 in Ice Magic
  6879 | D:6      | Found Hurin Zoyd's Armour Boutique.
  7054 | D:5      | Identified the +12 trident of Ushuax {venom, +Inv}
  7738 | D:6      | Found a staircase to the Ecumenical Temple.
  7744 | Temple   | Entered the Ecumenical Temple
  8184 | D:6      | Found a runed translucent door.
  8185 | D:6      | Noticed Crazy Yiuf
  8194 | D:6      | Killed Crazy Yiuf
  8195 | D:6      | Reached skill level 5 in Invocations
  8488 | D:7      | Found a sacrificial altar of Ru.
  8493 | D:7      | Noticed a gargoyle
  8511 | D:7      | Killed a gargoyle
  8512 | D:7      | Reached XP level 10. HP: 57/73 MP: 0/20
  8663 | D:7      | Reached skill level 5 in Fighting
  8663 | D:7      | Reached skill level 5 in Short Blades
  8663 | D:7      | Reached skill level 5 in Long Blades
  8663 | D:7      | Reached skill level 5 in Axes
  8663 | D:7      | Reached skill level 5 in Maces & Flails
  8663 | D:7      | Reached skill level 5 in Polearms
  8663 | D:7      | Reached skill level 5 in Staves
  8663 | D:7      | Reached skill level 5 in Slings
  8663 | D:7      | Reached skill level 5 in Bows
  8663 | D:7      | Reached skill level 5 in Crossbows
  8663 | D:7      | Reached skill level 5 in Throwing
  8663 | D:7      | Reached skill level 5 in Armour
  8663 | D:7      | Reached skill level 5 in Shields
  8663 | D:7      | Reached skill level 5 in Unarmed Combat
  8663 | D:7      | Reached skill level 5 in Evocations
  9283 | D:7      | Noticed an orc knight
  9283 | D:7      | Noticed an orc knight
  9283 | D:7      | Noticed an orc knight
  9283 | D:7      | Noticed an orc warlord
  9693 | D:7      | Killed an orc knight
 10307 | D:8      | Found a shimmering altar of Xom.
 10309 | D:8      | Noticed an angel
 10375 | D:8      | Found a glowing silver altar of Zin.
 10427 | D:8      | HP: 3/72 [wight/+3 spear (5)]
 10445 | D:8      | Reached XP level 11. HP: 34/80 MP: 2/22
 10626 | D:8      | Found a stormy altar of Qazlal.
 11015 | D:9      | Found a basalt altar of Yredelemnul.
 11019 | D:9      | Found an ancient bone altar of Kikubaaqudgha.
 11019 | D:9      | Found a stormy altar of Qazlal.
 11019 | D:9      | Found a shimmering blue altar of Sif Muna.
 11021 | D:9      | Found an iron altar of Okawaru.
 11025 | D:9      | Became a worshipper of Sif Muna the Loreminder
 11055 | D:9      | Reached skill level 5 in Conjurations
 11055 | D:9      | Reached skill level 5 in Hexes
 11055 | D:9      | Reached skill level 5 in Summonings
 11055 | D:9      | Reached skill level 5 in Necromancy
 11055 | D:9      | Reached skill level 5 in Translocations
 11055 | D:9      | Reached skill level 5 in Transmutations
 11055 | D:9      | Reached skill level 5 in Fire Magic
 11055 | D:9      | Reached skill level 5 in Air Magic
 11055 | D:9      | Reached skill level 5 in Earth Magic
 11055 | D:9      | Reached skill level 5 in Poison Magic
 11312 | D:9      | Found Beymit's General Store.
 11369 | D:9      | Bought a scroll of fog for 24 gold pieces
 11407 | D:9      | Noticed an obsidian statue
 11444 | D:9      | Reached * piety under Sif Muna
 12057 | D:10     | Entered Level 10 of the Dungeon
 12350 | D:10     | Found a staircase to the Orcish Mines.
 12826 | D:10     | Reached skill level 9 in Ice Magic
 13007 | D:11     | Noticed a manticore
 13009 | D:11     | Noticed an unseen horror
 13010 | D:11     | Noticed a death yak
 13010 | D:11     | Noticed a death yak
 13014 | D:11     | Noticed a death yak
 13025 | D:11     | Killed an unseen horror
 13025 | D:11     | Killed a death yak
 13031 | D:11     | Killed a death yak
 13038 | D:11     | Killed a death yak
 13057 | D:11     | Reached ** piety under Sif Muna
 13337 | D:11     | Found a staircase to the Lair.
 13373 | D:11     | Noticed Fannar
 13374 | D:11     | Noticed Urug
 13399 | D:11     | Reached XP level 12. HP: 30/89 MP: 8/24
 13572 | D:11     | Noticed Harold
 13591 | D:11     | Killed Harold
 13655 | D:11     | Noticed Erica
 13669 | D:11     | Killed Erica
 13674 | D:11     | Noticed a centaur warrior
 13675 | D:11     | HP: 3/91 [centaur warrior/arrow (3)]
 13676 | D:11     | Shot with an arrow by a centaur warrior

Illustrated notes

Levels and vault maps discovered:
D:1:      dpeg_arrival_erosion, layout_basic
D:2:      layout_loops_ring, general_overflow_altar, uniq_sigmund
D:3:      layout_basic
D:4:      cheibrodos_pilgrimage, layout_layer_cave
D:5:      layout_cave_pools, serial_shops, shop, portal_sewer_entry_d,
          roderic_lattice_a, minmay_shop_enchanted_jewellery
D:6:      layout_rooms, minmay_temple_entry_proselytizer, serial_glass,
          glass_columns_c, glass_columns_b, glass_columns_c, glass_columns_a,
          glass_columns_a, glass_columns_a, serial_shops, shop, uniq_eustachio,
          uniq_crazy_yiuf_cottage
D:7:      lemuel_castle_with_subvaults [lemuel_castle_interior_original],
          layout_basic, lemuel_tele_altar
D:8:      layout_rooms, grunt_temple_overflow_order_and_chaos_1,
          nicolae_qazlal_style_of_elements
D:9:      layout_irregular_city, minitemple, serial_shops, shop,
          corexii_hall_statues_s, minmay_protected_statue
D:10:     layout_small_grid, orc_0_dummy
D:11:     layout_loops_corners, dpeg_lair_monsters, uniq_erica, uniq_harold,
          uniq_fannar, uniq_urug
Temple:   eino_temple_water

Skill      XL: |  1  2  3  4  5  6  7  8  9 10 11 12 |
---------------+-------------------------------------+-----
Spellcasting   | 5 6 7 8 |  8.7
Invocations    | 1 2 3 4 5 6 7 |  7.6
Fighting       | 1 2 3 4 5 6 7 |  7.0
Short Blades   | 1 2 3 4 5 6 7 |  7.0
Long Blades    | 1 2 3 4 5 6 7 |  7.0
Axes           | 1 2 3 4 5 6 7 |  7.0
Maces & Flails | 1 2 3 4 5 6 7 |  7.0
Polearms       | 1 2 3 4 5 6 7 |  7.0
Staves         | 1 2 3 4 5 6 7 |  7.0
Slings         | 1 2 3 4 5 6 7 |  7.0
Bows           | 1 2 3 4 5 6 7 |  7.0
Crossbows      | 1 2 3 4 5 6 7 |  7.0
Throwing       | 1 2 3 4 5 6 7 |  7.0
Armour         | 1 2 3 4 5 6 7 |  7.0
Shields        | 1 2 3 4 5 6 7 |  7.0
Unarmed Combat | 1 2 3 4 5 6 7 |  7.0
Evocations     | 1 2 3 4 5 6 7 |  7.0
Conjurations   | 1 2 3 4 5 |  5.8
Hexes          | 1 2 3 4 5 |  5.8
Summonings     | 1 2 3 4 5 |  5.8
Necromancy     | 1 2 3 4 5 |  5.8
Translocations | 1 2 3 4 5 |  5.8
Transmutations | 1 2 3 4 5 |  5.8
Fire Magic     | 1 2 3 4 5 |  5.8
Air Magic      | 1 2 3 4 5 |  5.8
Earth Magic    | 1 2 3 4 5 |  5.8
Poison Magic   | 1 2 3 4 5 |  5.8
Dodging        | 5 6 7 8 |  8.4
Stealth        | 5 6 7 8 |  8.2
Ice Magic      | 8 9 |  9.2

Action                   |  1- 3 |  4- 6 |  7- 9 | 10-12 || total
-------------------------+-------+-------+-------+-------++-------
Melee: Unarmed           |     8 |       |       |       ||     8
       Short sword       |    43 |    44 |   293 |       ||   380
       Bite              |     2 |     2 |    30 |    15 ||    49
       Punch             |       |       |     3 |     3 ||     6
       Trident           |       |       |    69 |   340 ||   409
 Cast: Freeze            |    24 |     5 |     4 |     1 ||    34
       Frozen Ramparts   |       |     3 |    25 |    14 ||    42
       Ozocubu's Armour  |       |     1 |     2 |     5 ||     8
       Hailstorm         |       |     2 |     9 |    34 ||    45
       Summon Ice Beast  |       |       |    29 |    43 ||    72
Invok: Channel Magic     |       |       |       |     2 ||     2
  Use: Scroll            |       |       |    14 |     7 ||    21
       Potion            |       |       |     1 |    10 ||    11
 Stab: Sleeping          |     6 |     2 |    19 |     7 ||    34
       Distracted        |       |       |     1 |     4 ||     5
       Invisible         |       |       |       |     6 ||     6
Armor: Robe              |     4 |    12 |    95 |    67 ||   178
Dodge: Dodged            |    41 |    33 |   283 |   313 ||   670

Table legend: (Time is in decaauts)
 A = Elapsed time spent in this place.
 B = Non-inter-level travel time spent in this place.
 C = Inter-level travel time spent in this place.
 D = Time resting spent in this place.
 E = Time spent auto-exploring this place.
 F = Levels seen in this place.
 G = Mean time per level.
                   A        B        C        D        E       F      G
               +--------+--------+--------+--------+--------+-----+--------+
         Total |  13704 |  13162 |    542 |   1964 |   8755 |  13 | 1054.2 |
       Dungeon |  12797 |  12275 |    522 |   1964 |   8078 |  11 | 1163.4 |
        Temple |    223 |    203 |     20 |      0 |    203 |   1 |  223.0 |
         Sewer |    683 |    683 |      0 |      0 |    474 |   1 |  683.0 |
               +--------+--------+--------+--------+--------+-----+--------+

Top non-repeatable levels by time:
     D:7: 2067 daAuts
     D:4: 1452 daAuts
     D:3: 1382 daAuts
     D:1: 1272 daAuts
     D:6: 1144 daAuts
     D:5: 1107 daAuts
     D:9: 1073 daAuts
    D:10: 929 daAuts
     D:2: 854 daAuts
     D:8: 846 daAuts
   Sewer: 683 daAuts
    D:11: 667 daAuts
  Temple: 223 daAuts
